 Dungeon Crawl Stone Soup version 0.24-a0-447-ge8da9206dc (webtiles) character file.

Game seed: 6878606299315807687

37910 Craser22 the Executioner (level 13, -2/114 HPs)
             Began as a Minotaur Berserker on June 25, 2019.
             Was a High Priest of Trog.
             Slain by Lyicuc's ghost (18 damage)
             ... on level 5 of the Lair of Beasts.
             The game lasted 00:59:13 (19629 turns).

Craser22 the Executioner (Minotaur Berserker)      Turns: 19629, Time: 00:59:14

Health: -2/114     AC: 18    Str: 21    XL:     13   Next: 61%
Magic:  0/12       EV: 11    Int:  4    God:    Trog [*****.]
Gold:   997        SH:  0    Dex: 16    Spells: 12/12 levels left

rFire    x . .     SeeInvis .   a - +2 executioner's axe (freeze)
rCold    + + .     Gourm    .   (shield currently unavailable)
rNeg     . . .     Faith    .   D - +0 plate armour
rPois    .         Spirit   +   S - +0 hat
rElec    .         Reflect  .   T - +0 cloak {rC+}
rCorr    .         Harm     .   F - +0 pair of gloves
MR       .....                  m - +0 pair of boots
Stlth    ..........             x - amulet of guardian spirit
HPRegen  0.29/turn              q - ring of ice
MPRegen  0.13/turn              n - +3 ring of evasion

@: berserk cooldown, slowed, very slow
A: retaliatory headbutt, horns 2
a: Berserk, Trog's Hand, Brothers in Arms, Renounce Religion


You were on level 5 of the Lair of Beasts.
You worshipped Trog.
Trog was extremely pleased with you.
You were very hungry.

You visited 2 branches of the dungeon, and saw 15 of its levels.
You also visited: Ice Cave.

You collected 997 gold pieces.


Innate Abilities, Weirdness & Mutations

You reflexively headbutt those who attack you in melee.
You have a pair of horns on your head.


   Skills:
 - Level 10.3 Fighting
 + Level 22.2 Axes
 - Level 10.0 Armour
 - Level 2.1 Dodging


You had 12 spell levels left.
You didn't know any spells.
Your spell library was empty.

Inventory:

Hand Weapons
 a - a +2 executioner's axe of freezing (weapon)
 b - a +0 great mace
 R - a +4 antimagic battleaxe
Missiles
 o - 312 stones (quivered)
 y - 56 bolts
 C - 2 throwing nets {=f}
Armour
 m - a +0 pair of boots (worn)
 D - a +0 plate armour (worn)
 F - a +0 pair of gloves (worn)
 S - a +0 hat (worn)
 T - a +0 cloak of cold resistance (worn)
Magical Staves
 X - an uncursed staff of summoning {unknown}
Jewellery
 g - an uncursed ring of positive energy
 n - a +3 ring of evasion (right hand)
 q - a ring of ice (left hand)
 x - an amulet of guardian spirit (around neck)
 I - an uncursed amulet of regeneration {unknown}
 J - an uncursed ring of protection from magic {unknown}
 K - an uncursed amulet of the acrobat
 U - the ring of the Archfiend {rElec rPois AC+2 Int-2, unknown}

   [ring of protection]

   It affects your AC (+2).
   It affects your intelligence (-2).
   It insulates you from electricity.
   It protects you from poison.
Wands
 L - a wand of digging (13)
Scrolls
 d - 3 scrolls of enchant weapon {unknown}
 f - 4 scrolls of blinking {unknown}
 h - 10 scrolls of remove curse
 i - 2 scrolls of fear {unknown}
 l - 6 scrolls of teleportation {unknown}
 p - a scroll of magic mapping {unknown}
 s - a scroll of random uselessness {unknown}
 t - a scroll of fog {unknown}
 z - a scroll of summoning {unknown}
 G - a scroll of vulnerability {unknown}
 M - a scroll of amnesia {unknown}
 N - a scroll of enchant armour {unknown}
 V - a scroll of identify {@r1}
Potions
 e - 4 potions of flight
 j - a potion of lignification {!q}
 k - 2 potions of berserk rage {unknown}
 r - 2 potions of agility
 u - 2 potions of mutation {unknown}
 v - 2 potions of cancellation
 w - 7 potions of curing {@q1}
 A - 5 potions of invisibility
 B - a potion of brilliance {unknown}
 E - 2 potions of ambrosia {unknown}
 H - 2 potions of haste {unknown}
 O - a potion of heal wounds {unknown}
 P - 3 potions of might {unknown}
 Q - a potion of resistance {unknown}
Comestibles
 c - 27 rations

Dungeon Overview and Level Annotations

Branches:
Dungeon (10/15)            Temple (0/1) D:6            Lair (5/6) D:8
 Shoals (0/4) Lair:3        Snake (0/4) Lair:2        Slime (0/5) Lair:5
    Orc: D:9-12

Altars:
Dithmenos
Fedhas
Gozag
Hepliaklqana
Makhleb
Okawaru
Qazlal
Sif Muna
Vehumet
Wu Jian
Yredelemnul
Zin
Jiyva

Shops:
D:8 :

Annotations:
Lair:2 2 transporters - bees - MR
Lair:5 Lyicuc's ghost, journeyman MiBe

▒ ▒..▒▒..▒
▒..▒..^..P...▒ ▒ ...
..... ............▒ ▒
.P▒. ▒....▒
▒▒.Pf<...▒▒f▒ ▒ ..▒
▒....▒ ▒......▒.▒▒▒ ▒
▒▒..P▒▒▒▒..▒▒▒...▒▒ ▒
▒....▒....▒▒⌠▒▒...▒▒ ▒
▒........▒▒...▒▒...▒▒▒▒▒
▒
.▒......▒▒..%..▒▒..▒▒P..
▒
▒......HW...♣!.⌠▒..▒▒▒..
▒▒
.▒▒...▒.▒▒..!..▒▒.▒▒▒▒..
P▒
.........▒▒...▒▒...▒▒..▒
▒▒
....P.....▒▒⌠▒▒....▒▒...
.▒.......[.▒▒▒.......▒▒.
▒....▒▒(......▒▒▒.f▒...
▒.▒..▒ ▒▒....▒▒▒▒▒f.....
▒▒... ▒▒..... ...f....
.....▒ ▒▒.....▒▒.▒.f..▒


You could see Lyicuc's ghost.


Message History

You hit Lyicuc's ghost but do no damage.
You headbutt Lyicuc's ghost!
Lyicuc's ghost is heavily damaged.
You closely miss Lyicuc's ghost. You headbutt Lyicuc's ghost.
Lyicuc's ghost is heavily damaged.
Lyicuc's ghost hits you!
You closely miss Lyicuc's ghost.
Lyicuc's ghost is heavily damaged.
You are no longer berserk.
You are exhausted.
You feel yourself slow down.
You hit Lyicuc's ghost but do no damage.
Your headbutt misses Lyicuc's ghost.
Lyicuc's ghost is heavily damaged.
Lyicuc's ghost hits you!
You feel your power leaking away. Lyicuc's ghost hits you!!
* * * LOW HITPOINT WARNING * * *
You slash Lyicuc's ghost! You freeze Lyicuc's ghost.
You headbutt Lyicuc's ghost, but do no damage.
Lyicuc's ghost is heavily damaged.
Lyicuc's ghost hits you!!
* * * LOW HITPOINT WARNING * * *
You slash Lyicuc's ghost! You freeze Lyicuc's ghost.
Lyicuc's ghost is severely damaged.
Lyicuc's ghost hits you!!
You die...

Action                   |  1- 3 |  4- 6 |  7- 9 | 10-12 | 13-15 || total
-------------------------+-------+-------+-------+-------+-------++-------
Melee: Hand axe          |    87 |    52 |       |       |       ||   139
       Headbutt          |    14 |    17 |    47 |   138 |    41 ||   257
       War axe           |       |    57 |   265 |   255 |       ||   577
       Battleaxe         |       |       |       |   272 |       ||   272
       Great mace        |       |       |       |     3 |     9 ||    12
       Executioner's axe |       |       |       |    48 |   149 ||   197
Throw: Stone             |       |       |     3 |       |       ||     3
Invok: Berserk           |       |     3 |     7 |     7 |     1 ||    18
  Use: Scroll            |       |     3 |     8 |     2 |       ||    13
       Potion            |       |       |       |     2 |       ||     2
  Eat: Chunk             |     4 |     6 |    16 |    22 |    10 ||    58
       Ration            |       |       |     2 |     2 |     1 ||     5
Armor: Ring mail         |    16 |    14 |       |       |       ||    30
       Animal skin       |     1 |       |       |       |       ||     1
       Chain mail        |       |    26 |    81 |       |       ||   107
       Plate armour      |       |       |     5 |   362 |   104 ||   471
Dodge: Dodged            |    48 |    44 |   115 |   283 |    60 ||   550

Levels and vault maps discovered:
D:1:      minmay_arrival_open_corners, layout_basic, minmay_tetromino_o2
D:2:      minmay_chambers_of_twos, layout_basic, lemuel_doored_altar,
          minmay_misc_feat_rugged, uniq_sigmund
D:3:      layout_rooms, ebering_ghost_gozag, st_stairs_12,
          palyth_stone_intersect, makhleb_heckhound_becter
D:4:      layout_cave_pools, minivault_23
D:5:      layout_layer_cave, first_ration, hangedman_decor_riveting,
          corexii_checkpoint_a, uniq_grinder, uniq_blork_the_orc, uniq_edmund
D:6:      layout_rooms, grunt_gozag_breadcrumbs, temple_hall, okawaru_gym_becter
D:7:      layout_gridville
D:8:      layout_basic, david_lair_shrubbed, serial_shops, shop_coins,
          uniq_maurice, uniq_joseph
D:9:      layout_loops_ring, grunt_temple_overflow_open, basic_altar,
          david_nohive_1
D:10:     layout_loops_cross, basic_altar
Lair:1:   cheibrodos_lair_river_kwai, layout_gridlike, grunt_megastairs_1
Lair:2:   layout_cave_shapes, minmay_snake_entry_guardpost_large,
          gammafunk_ghost_hive, uniq_nergalle
Lair:3:   layout_layer_cave, elwin_shoals_entry_rooms, serial_forest,
          infiniplex_forest_lined_corner, infiniplex_forest_side_room,
          infiniplex_forest_lined_4_way, infiniplex_forest_end_1,
          infiniplex_forest_clump_tiny, infiniplex_forest_end_3,
          infiniplex_forest_lined_3_way, portal_ice_cave_rime,
          grunt_forest_large_clearings
Lair:4:   layout_cave_pods, serial_bayou_shore_b, grunt_megastairs_2,
          infiniplex_staircase_pool_2
Lair:5:   layout_loops_ring, slime_altar_1, hellmonk_ghost_happy_afterlife,
          beast_lair_carwin_2

Notes
Turn   | Place    | Note
-------+----------+-------------------------------------------
     0 | D:1      | Craser22 the Minotaur Berserker began the quest for the
                  | Orb.
     0 | D:1      | Reached XP level 1. HP: 19/19 MP: 0/0
   115 | D:1      | Reached skill level 4 in Axes
   308 | D:1      | Reached XP level 2. HP: 26/26 MP: 1/1
   696 | D:1      | Reached ** piety under Trog
   792 | D:1      | Reached skill level 5 in Axes
   833 | D:1      | Reached XP level 3. HP: 31/31 MP: 2/2
  1333 | D:2      | Found a radiant altar of Vehumet.
  2077 | D:2      | Reached XP level 4. HP: 39/39 MP: 3/3
  2091 | D:2      | Reached skill level 6 in Axes
  2127 | D:2      | Noticed Sigmund
  2139 | D:2      | Killed Sigmund
  2139 | D:2      | Reached skill level 8 in Axes
  2139 | D:2      | Reached XP level 5. HP: 11/45 MP: 4/4
  2560 | D:3      | Reached XP level 6. HP: 51/51 MP: 5/5
  2636 | D:3      | Found a runed translucent gate.
  2636 | D:3      | Found a runed translucent gate.
  2636 | D:3      | Found an opulent altar of Gozag.
  2637 | D:3      | Found a runed translucent gate.
  2637 | D:3      | Noticed hemabe's ghost (amateur HuAr)
  2697 | D:3      | Reached *** piety under Trog
  2778 | D:3      | Reached skill level 9 in Axes
  3120 | D:3      | Found a burning altar of Makhleb.
  3433 | D:3      | Killed hemabe's ghost
  3433 | D:3      | Reached XP level 7. HP: 57/57 MP: 6/6
  3576 | D:4      | Reached skill level 10 in Axes
  4049 | D:5      | Entered Level 5 of the Dungeon
  4049 | D:5      | Noticed Grinder
  4057 | D:5      | Killed Grinder
  4125 | D:5      | Noticed Blork the orc
  4136 | D:5      | Killed Blork the orc
  4136 | D:5      | Reached skill level 11 in Axes
  4331 | D:5      | Noticed Edmund
  4337 | D:5      | Killed Edmund
  4337 | D:5      | Reached XP level 8. HP: 64/64 MP: 7/7
  5022 | D:5      | Reached **** piety under Trog
  5022 | D:5      | Reached skill level 12 in Axes
  5500 | D:6      | Found an opulent altar of Gozag.
  6082 | D:6      | Reached skill level 13 in Axes
  6466 | D:6      | Reached XP level 9. HP: 69/70 MP: 8/8
  6482 | D:6      | Found an iron altar of Okawaru.
  6774 | D:6      | Reached skill level 14 in Axes
  7010 | D:6      | Found a staircase to the Ecumenical Temple.
  7817 | D:8      | Paralysed by a hornet for 3 turns
  7821 | D:8      | Reached skill level 15 in Axes
  8030 | D:8      | Noticed Maurice
  8044 | D:8      | Killed Maurice
  8175 | D:8      | Reached skill level 16 in Axes
  8222 | D:8      | Reached skill level 4 in Fighting
  8222 | D:8      | Reached skill level 3 in Armour
  8357 | D:8      | Reached XP level 10. HP: 80/80 MP: 9/9
  8469 | D:8      | Noticed Joseph
  8482 | D:8      | Killed Joseph
  8482 | D:8      | Reached skill level 5 in Fighting
  8482 | D:8      | Reached skill level 4 in Armour
  8563 | D:8      | Found Pitwibem's Book Shoppe.
  8707 | D:8      | Found a staircase to the Lair.
  8767 | D:8      | Reached skill level 5 in Armour
  9021 | D:8      | Reached ***** piety under Trog
  9024 | D:8      | Reached skill level 6 in Fighting
  9478 | D:9      | Reached skill level 6 in Armour
  9520 | D:9      | Reached skill level 7 in Fighting
  9889 | D:9      | Found a glowing silver altar of Zin.
  9890 | D:9      | Found a basalt altar of Yredelemnul.
  9894 | D:9      | Found an ornate altar of the Wu Jian Council.
  9894 | D:9      | Found a hazy altar of Hepliaklqana.
  9894 | D:9      | Found a shadowy altar of Dithmenos.
  9894 | D:9      | Found a blossoming altar of Fedhas.
  9899 | D:9      | Found an iron altar of Okawaru.
 10004 | D:9      | Reached skill level 7 in Armour
 10213 | D:9      | Found a deep blue altar of Sif Muna.
 10442 | D:9      | Reached skill level 8 in Fighting
 10587 | D:10     | Entered Level 10 of the Dungeon
 10595 | D:10     | Found a stormy altar of Qazlal.
 10604 | D:10     | Noticed a centaur warrior
 10626 | D:10     | Killed a centaur warrior
 10626 | D:10     | Reached skill level 8 in Armour
 10782 | D:10     | Noticed a two-headed ogre
 10789 | D:10     | Killed a two-headed ogre
 10789 | D:10     | Reached skill level 9 in Fighting
 10789 | D:10     | Reached XP level 11. HP: 97/97 MP: 6/10
 10917 | D:10     | Reached skill level 9 in Armour
 11290 | D:10     | Received a gift from Trog
 11673 | Lair:1   | Entered Level 1 of the Lair of Beasts
 12323 | Lair:1   | Reached skill level 17 in Axes
 12564 | Lair:1   | Noticed a six-headed hydra
 12569 | Lair:1   | Killed a six-headed hydra
 13076 | Lair:2   | Reached skill level 18 in Axes
 13081 | Lair:2   | Found a transporter.
 13083 | Lair:2   | Found a transporter.
 13157 | Lair:2   | Noticed Nergalle
 13172 | Lair:2   | Killed Nergalle
 13422 | Lair:2   | Found a staircase to the Snake Pit.
 13543 | Lair:2   | Reached XP level 12. HP: 86/105 MP: 2/11
 13682 | Lair:3   | Found a frozen archway.
 13734 | IceCv    | Entered an ice cave
 14049 | IceCv    | Reached skill level 19 in Axes
 14792 | IceCv    | Reached skill level 20 in Axes
 14882 | IceCv    | Noticed a frost giant
 14895 | IceCv    | Killed a frost giant
 14895 | IceCv    | Reached skill level 10 in Fighting
 14898 | IceCv    | Received a gift from Trog
 15195 | Lair:3   | Reached skill level 10 in Armour
 15739 | Lair:3   | Reached XP level 13. HP: 36/114 MP: 2/12
 15743 | Lair:3   | HP: 10/171 [spriggan rider/+0 spear (9)]
 16506 | Lair:3   | Reached skill level 21 in Axes
 17150 | Lair:3   | Found a staircase to the Shoals.
 17418 | Lair:3   | Received a gift from Trog
 17583 | Lair:4   | Got a sparkling steel ring
 18106 | Lair:4   | HP: 11/114 [poisoned by a black mamba]
 18111 | Lair:4   | HP: 10/114 [poisoned by a black mamba]
 18117 | Lair:4   | HP: 10/114 [poisoned by a black mamba]
 18125 | Lair:4   | HP: 10/114 [poisoned by a black mamba]
 19115 | Lair:5   | Found a staircase to the Slime Pits.
 19115 | Lair:5   | Found a viscous altar of Jiyva.
 19141 | Lair:5   | Reached skill level 22 in Axes
 19588 | Lair:5   | Noticed Lyicuc's ghost (journeyman MiBe)
 19589 | Lair:5   | Found a runed translucent door.
 19629 | Lair:5   | Slain by Lyicuc's ghost

Vanquished Creatures
  A frost giant (IceCv)
  3 hydras
  A centaur warrior (D:10)
  A two-headed ogre (D:10)
  A spriggan (Lair:3)
  Nergalle (Lair:2)
  Maurice (D:8)
  9 elephants
  2 ice statues (IceCv)
  6 black mambas
  Joseph (D:8)
  10 spiny frogs
  4 rime drakes
  3 komodo dragons
  A queen bee (D:9)
  2 hornets
  Grinder (D:5)
  17 polar bears
  3 blink frogs (Lair:3)
  5 hippogriffs
  Sigmund (D:2)
  4 wyverns (Lair:5)
  4 basilisks
  22 yaks
  A wraith (D:10)
  5 nagas (Lair:2)
  Edmund (D:5)
  12 water moccasins
  6 porcupines
  A black bear (D:8)
  An orc warrior (D:9)
  5 ice beasts
  3 phantoms
  2 sky beasts
  2 ogres
  The ghost of hemabe the Charlatan, an amateur HuAr (D:3)
  34 wolves
  6 centaurs
  10 crocodiles
  A big kobold (D:8)
  Blork the orc (D:5)
  16 bullfrogs
  2 gnoll sergeants
  A wyvern zombie (D:9)
  3 scorpions (D:6)
  13 killer bees (D:9)
  An electric eel (Lair:3)
  A howler monkey (D:8)
  3 crimson imps
  A quasit (D:9)
  A bullfrog zombie (D:8)
  A bullfrog skeleton (D:6)
  4 orc priests
  A jelly (D:10)
  A centaur skeleton (D:8)
  5 hounds
  7 orc wizards
  2 gnoll shamans
  3 iguanas
  3 worker ants
  7 adders
  19 gnolls
  A howler monkey skeleton (D:4)
  A shadow imp (D:6)
  2 oozes
  3 adder skeletons
  An adder zombie (D:9)
  3 worms
  5 dart slugs
  8 leopard geckos
  37 orcs
  A ball python (D:1)
  10 bats
  9 giant cockroaches
  12 goblins
  12 hobgoblins
  6 jackals
  11 kobolds
  4 quokkas
  9 frilled lizards
  A jackal skeleton (D:5)
  A jackal zombie (D:4)
  2 quokka zombies (D:5)
  7 rats
  A plant (Lair:4)
438 creatures vanquished.

Vanquished Creatures (others)
  3 plants
3 creatures vanquished.

Grand Total: 441 creatures vanquished
